 Dungeon Crawl Stone Soup version 0.29.1-12-g30fa7ad0bf (webtiles) character file.

Game seed: 752241577985423426

184 ThatPearl the Conjurer (level 5, -4/44 HPs)
             Began as a Draconian Conjurer on Jan 8, 2023.
             Slain by a bullfrog (7 damage)
             ... on level 4 of the Dungeon.
             The game lasted 00:11:25 (4159 turns).

ThatPearl the Conjurer (Draconian Conjurer)         Turns: 4159, Time: 00:11:26

Health: -4/44      AC:  7    Str:  9    XL:     5   Next: 36%
Magic:  1/9        EV: 12    Int: 21    God:
Gold:   51         SH:  0    Dex:  9    Spells: 7/10 levels left

rFire   . . .      SeeInvis .   b - +2 sling (flame)
rCold   . . .      Faith    .   (no shield)
rNeg    . . .      Spirit   .   (body armour unavailable)
rPois   .          Reflect  .   (helmet restricted)
rElec   .          Harm     .   (no cloak)
rCorr   .          Rampage  .   (no gloves)
Will    .....                   u - +1 pair of boots {Stlth+}
Stlth   +++.......              (no amulet)
HPRegen 0.14/turn               (no ring)
MPRegen 0.11/turn               (no ring)

@: mighty, flying
A: AC +5, unfitting armour, cold-blooded
a: no special abilities


You were on level 4 of the Dungeon.
You visited 1 branch of the dungeon, and saw 4 of its levels.

You collected 186 gold pieces.
You spent 135 gold pieces at shops.

Inventory:

Hand Weapons
 a - a +0 dagger
 b - a +2 sling of flaming (weapon)
Missiles
 c - 49 stones
Armour
 u - a +1 pair of boots of stealth (worn)
Jewellery
 m - a ring of willpower
Scrolls
 f - 2 scrolls of noise {unknown}
 g - 2 scrolls of silence {unknown}
 h - 3 scrolls of enchant weapon {unknown}
 i - a scroll of poison {unknown}
 l - a scroll of teleportation
 n - a scroll of vulnerability {unknown}
 o - 3 scrolls of identify {unknown}
 s - a scroll of magic mapping {unknown}
Potions
 d - 2 potions of magic
 e - 2 potions of degeneration {unknown}
 j - a potion of cancellation
 k - a potion of berserk rage {unknown}
 p - a potion of flight
 r - a potion of brilliance {unknown}
 t - a potion of attraction {unknown}


   Skills:
 + Level 2.9 Fighting
 + Level 2.3 Dodging
 - Level 1.7 Stealth
 + Level 3.2 Spellcasting
 + Level 4.9 Conjurations


You had 7 spell levels left.
You knew the following spells:

 Your Spells              Type           Power      Damage    Failure   Level
m - Magic Dart            Conj           96%        1d7       1%          1
s - Searing Ray           Conj           48%        2d6       2%          2

Your spell library contained the following spells:

 Spells                   Type           Power      Damage    Failure   Level
 Dazzling Flash           Conj/Hex       26%        N/A       14%         3
 Ensorcelled Hibernation  Hex/Ice        6%         N/A       21%         2
 Confusing Touch          Hex            3%         N/A       36%         3
 Ozocubu's Armour         Ice            3%         N/A       36%         3
 Fulminant Prism          Conj/Hex       6%         3d7       43%         4
 Hailstorm                Conj/Ice       13%        3d5       43%         4
 Iskenderun's Mystic Bla  Conj/Tloc      13%        2d5       43%         4
 Summon Ice Beast         Ice/Summ       3%         N/A       78%         4
 Freezing Cloud           Conj/Ice/Air   5%         6-21      88%         5
 Yara's Violent Unravell  Hex/Tmut       1%         3d3       98%         5
 Enfeeble                 Hex            1%         N/A       100%        7


Dungeon Overview and Level Annotations

Branches:
Dungeon (4/15)
 Temple: D:4-7

Altars:
Qazlal
Wu Jian

Shops:
D:3 [[=:*


Innate Abilities, Weirdness & Mutations

Your plain brown scales are hard. (AC +5)
You cannot fit into any form of body armour.
You are cold-blooded and may be slowed by cold attacks.


Message History

The bullfrog closely misses you. The bullfrog barely misses you.
Something hits you. Something shocks you.
* * * LOW HITPOINT WARNING * * *
Unknown command.
Okay, then.
It was a potion of cancellation.
You feel magically purged. The bullfrog barely misses you.
Something hits you but does no damage.
It was a potion of flight.
You feel very buoyant.
You fly up into the air.
The bullfrog barely misses you. The bullfrog hits you.
* * * LOW HITPOINT WARNING * * *
Something hits you.
* * * LOW HITPOINT WARNING * * *
Something shocks you.
* * * LOW HITPOINT WARNING * * *
It was a potion of might.
You feel very mighty all of a sudden.
The bullfrog hits you but does no damage.
Something hits you but does no damage.
Fire: b) +2 sling (flame)
Press: ? - help, Q - select action, (/) - cycle Shift-Dir - straight line You shoot a sling bullet.
The bullfrog hits you but does no damage.
The bullfrog misses you.
A sky beast appears from thin air!
Reactivating autopickup.
The sky beast closely misses you.
Fire: b) +2 sling (flame)
Press: ? - help, Q - select action, (/) - cycle Shift-Dir - straight line, f - sky beast
Aim: a sky beast (rain, severely wounded, 41% to hit)
You shoot a sling bullet.
The sling bullet barely misses the sky beast.
The bullfrog hits you but does no damage.
The bullfrog misses you. The sky beast barely misses you.
Fire: b) +2 sling (flame)
Press: ? - help, Q - select action, (/) - cycle Shift-Dir - straight line, f/p - sky beast
Aim: a sky beast (severely wounded, 41% to hit)
You shoot a sling bullet.
The sling bullet completely misses the sky beast.
The bullfrog hits you!
You die...

...> ... #.#.# #.#
...†. #.# #
#.#~.##.#
#.#.#.....####
..........?!.
#.#.......)# #.
#...Y..# ## #.
#....@.#
...#+#.###...F..#
........##......#.
........##..........
................#.#.
+###.#####.###...)..
................###
.....#####.###.#.##
.. #.).......


You could see a sky beast and a bullfrog.

Vanquished Creatures
  An orc priest (D:3)
  6 gnolls
  An ufetubus (D:3)
  3 worms
  4 dart slugs
  10 orcs
  3 ball pythons
  4 bats
  6 endoplasms
  5 giant cockroaches
  A goblin (D:2)
  5 hobgoblins
  4 jackals (D:3)
  A quokka (D:1)
  3 frilled lizards
  7 kobolds
  3 rats
67 creatures vanquished.

Notes
Turn   | Place    | Note
-------+----------+-------------------------------------------
     0 | D:1      | ThatPearl the Draconian Conjurer began the quest for the
                  | Orb.
     0 | D:1      | Reached XP level 1. HP: 14/14 MP: 3/3
   270 | D:1      | Found a faded altar of an unknown god.
   320 | D:1      | Reached skill level 1 in Fighting
   320 | D:1      | Reached XP level 2. HP: 10/23 MP: 0/5
   323 | D:1      | Learned a level 2 spell: Searing Ray
  1574 | D:2      | Reached XP level 3. HP: 9/28 MP: 0/6
  2262 | D:2      | Reached XP level 4. HP: 36/36 MP: 8/8
  2613 | D:2      | Got the Handbook of Congelation
  2786 | D:3      | Found Teym's Armour Boutique.
  3070 | D:3      | Found a stormy altar of Qazlal.
  3135 | D:3      | Found Neempeast's Jewellery Emporium.
  3454 | D:3      | Reached XP level 5. HP: 32/42 MP: 5/9
  3760 | D:3      | Found Iziked's Antique Armour Emporium.
  3768 | D:3      | Bought a pair of embroidered boots for 135 gold pieces
  3880 | D:3      | Found Pify's Book Shop.
  3935 | D:3      | Found Dethro Luvvu's Assorted Antiques.
  4025 | D:3      | Found an ornate altar of the Wu Jian Council.
  4141 | D:4      | Noticed a sky beast
  4155 | D:4      | HP: 2/44 [something (6)]
  4159 | D:4      | Slain by a bullfrog

Illustrated notes

Levels and vault maps discovered:
D:1:      dpeg_arrival_snail, layout_basic, ebering_ecumenical_altar_petrified
D:2:      layout_basic
D:3:      layout_rooms, nicolae_qazlal_general_emergency,
          general_overflow_altar, serial_shops, shop, shop, shop,
          nicolae_shop_crystal, nicolae_shop_stone
D:4:      layout_basic, nicolae_overflow_squiral, minmay_temple_entry_hall,
          serial_shops, shop

Skill      XL: |  1  2  3  4 |
---------------+-------------+-----
Fighting       | 1 2 |  2.9
Spellcasting   | 3 |  3.2
Dodging        | 2 |  2.3
Stealth        | |  1.7
Conjurations   | |  4.9

Action                   |  1- 3 |  4- 6 || total
-------------------------+-------+-------++-------
Melee: Dagger            |    30 |       ||    30
       Tailslap          |     2 |       ||     2
       Punch             |     1 |       ||     1
 Fire: Sling             |    16 |    96 ||   112
 Cast: Magic Dart        |    54 |    37 ||    91
       Searing Ray       |     3 |     8 ||    11
  Use: Potion            |     1 |     3 ||     4
       Scroll            |       |     1 ||     1
 Stab: Sleeping          |     1 |       ||     1
Armor: Skin              |    16 |    33 ||    49
Dodge: Dodged            |    35 |    67 ||   102
